 Dungeon Crawl Stone Soup version 0.17-a0-1421-g95311d7 (webtiles) character file.

867 Gorice the Grappler (level 8, -13/59 HPs)
             Began as a Ghoul Wanderer on June 24, 2015.
             Was a Believer of Makhleb.
             Mangled by an orc warrior
             ... wielding a +0 glaive
              (18 damage)
             ... on level 7 of the Dungeon.
             The game lasted 00:19:07 (5165 turns).

Gorice the Grappler (Ghoul Wanderer)                Turns: 5165, Time: 00:19:07

Health: -13/59     AC:  9    Str: 17    XL:     8   Next: 3%
Magic:  7/7        EV:  9    Int:  4    God:    Makhleb [**....]
Gold:   328        SH:  0    Dex: 12    Spells: 0 memorised, 7 levels left

rFire  . . .     SeeInvis .       - Unarmed
rCold  + . .     Clarity  .     a - +3 scale mail
rNeg   + + +     SustAt   .     (no shield)
rPois  ∞         Gourm    .     (no helmet)
rElec  .         Spirit   .     (no cloak)
rCorr  +         Warding  .     (no gloves)
rMut   .         Stasis   .     (no boots)
MR     .....                    f - amulet of resist corrosion
Stlth  ..........               F - ring of loudness (curse)
                                y - ring of stealth

@: rotting, not resistant to hostile enchantments, extremely unstealthy
A: rotting body, claws 1, carnivore 3, cold resistance 1, negative energy
resistance 3, slow healing 1, torment resistance, unbreathing
a: Minor Destruction, Renounce Religion


You were on level 7 of the Dungeon.
You worshipped Makhleb.
Makhleb was pleased with you.
You were not hungry.

You visited 2 branches of the dungeon, and saw 8 of its levels.

You collected 328 gold pieces.

Inventory:

Hand weapons
 b - a +0 blowgun
 c - a +1 club
Missiles
 i - 80 bolts
 s - 55 poisoned needles
 t - 5 tomahawks (quivered)
 Z - 152 stones
Armour
 a - a +3 scale mail (worn)
 p - a +0 ring mail of fire resistance
   (You took it off an orc on level 3 of the Dungeon)
 D - a +0 plate armour
Jewellery
 e - an uncursed ring of wizardry
 f - an amulet of resist corrosion (around neck)
 j - a +3 ring of dexterity
 y - a ring of stealth (left claw)
 F - a cursed ring of loudness (right claw)
Scrolls
 n - 2 scrolls of enchant weapon
 u - 2 scrolls of remove curse
 v - 5 scrolls of teleportation {!r}
Potions
 g - a potion of cancellation {unknown}
 h - 4 potions of heal wounds {!q}
 k - 2 potions of haste {unknown}
 m - 4 potions of curing
 o - a potion of agility {unknown}
 r - a potion of lignification {unknown}
 w - 2 potions of flight {unknown}
 z - a potion of might {unknown}
 A - a potion of resistance {unknown}
 B - 3 potions of degeneration {unknown}
Books
 q - a Grand Grimoire
Comestibles
 d - 3 meat rations {!e}
 l - 2 slices of pizza
 x - 2 chunks of flesh
 C - a beef jerky
 E - a royal jelly


   Skills:
 - Level 1.1 Fighting
   Level 1.0 Crossbows
 - Level 2.6 Armour
 - Level 1.0 Dodging
 - Level 1.1 Stealth
 * Level 9.8 Unarmed Combat
   Level 1.0 Evocations


You had 7 spell levels left.
You didn't know any spells.

Dungeon Overview and Level Annotations

Branches:
Dungeon (7/15)             Temple (1/1) D:4

Altars:
Ashenzari
Cheibriados
Fedhas
Gozag
Kikubaaqudgha
Makhleb
Nemelex Xobeh
Okawaru
Qazlal
Sif Muna
Lugonu


Innate Abilities, Weirdness & Mutations

Your body is rotting away.
You thrive on raw meat.
You are immune to poison.
You have sharp fingernails.
You are carnivorous and can eat meat at any time.
Your flesh is cold resistant.
You are immune to negative energy.
You heal slowly when monsters are visible.
You are immune to unholy pain and torment.
You can survive without breathing.


Message History

You see here a goblin corpse.
You butcher the goblin corpse.
x - 2 chunks of flesh
Found a short sword and a club.
No target in view!
No target in view!
No target in view!
An orc warrior and an orc wizard come into view.
You see here 11 gold pieces.
You see here a potion of curing.
m - 4 potions of curing (gained 1)
You see here 11 gold pieces.
You scratch the orc wizard.
The orc wizard begins to bleed from its wounds!
The orc wizard is lightly wounded.
The orc wizard hits you but does no damage.
The orc warrior closely misses you.
You claw the orc wizard!
The orc wizard is almost dead.
The orc wizard hits you but does no damage.
You scratch the orc wizard.
You kill the orc wizard!
Makhleb accepts your kill.
You have reached level 8!
The orc warrior hits you from afar with a glaive.
An orc comes into view. It is wielding a flail.
The orc shouts!
The orc warrior hits you with a glaive!
Damage: 13 (max 13)
You closely miss the orc warrior.
An orc comes into view.
You closely miss the orc warrior. The orc warrior misses you.
You claw the orc warrior!
The orc warrior begins to bleed from its wounds!
The orc warrior is moderately wounded.
You scratch the orc warrior.
The orc warrior is heavily wounded.
The orc warrior hits you with a glaive!
Damage: 16 (max 16)
You closely miss the orc warrior.
The orc warrior is heavily wounded.
The orc warrior hits you with a glaive!!
* * * LOW HITPOINT WARNING * * *
Damage: 20 (max 20)
You closely miss the orc warrior.
The orc warrior is heavily wounded.
You scratch the orc warrior. You claw the orc warrior.
The orc warrior is almost dead.
The orc warrior hits you with a glaive!!
You die...

....###
.......### ..
.........### ..#
...........####.#
....o........#..#
............#..#
.......oo......#
.)...)..@).....#
.........$....##
# .............##
###
#............##
..##
#............##
...##
####..........#
....##
###....###..#
.....## ##..####
#... ......#
##..## ##.


You could see an orc warrior (bleeding) and 2 orcs.

Vanquished Creatures
  A centaur (D:6)
  3 wights (D:7)
  A giant frog zombie (D:6)
  4 orc wizards
  A giant frog skeleton (D:6)
  An orc priest (D:6)
  A gnoll shaman (D:4)
  3 iguanas
  A worker ant (D:5)
  4 adders
  15 gnolls
  2 worms
  3 giant geckos
  13 orcs
  A ball python (D:4)
  A bat skeleton (D:4)
  A bat zombie (D:5)
  18 goblins
  13 hobgoblins
  14 jackals
  6 quokkas
  14 bats
  4 giant cockroaches
  A giant gecko skeleton (D:6)
  6 giant newts
  9 kobolds
  8 rats
149 creatures vanquished.

Notes
Turn   | Place    | Note
--------------------------------------------------------------
     0 | D:1      | Gorice the Ghoul Wanderer began the quest for the Orb.
     0 | D:1      | Gorice set off with: a +2 scale mail, 2 scrolls of teleportation {!r}, a +0 club, a meat ration {!e}
     0 | D:1      | Reached XP level 1. HP: 16/16 MP: 0/0
    49 | D:1      | Reached skill level 3 in Unarmed Combat
    49 | D:1      | Reached XP level 2. HP: 15/23 MP: 1/1
   285 | D:1      | You fall through a shaft!
   290 | D:2      | Reached XP level 3. HP: 28/28 MP: 2/2
   450 | D:1      | Reached skill level 4 in Unarmed Combat
   990 | D:2      | Reached XP level 4. HP: 35/35 MP: 3/3
  1475 | D:3      | Reached skill level 5 in Unarmed Combat
  1747 | D:3      | Reached XP level 5. HP: 20/39 MP: 4/4
  2164 | D:3      | Reached skill level 6 in Unarmed Combat
  2610 | D:4      | Found a staircase to the Ecumenical Temple.
  2619 | Temple   | Entered the Ecumenical Temple
  2656 | Temple   | Became a worshipper of Makhleb the Destroyer
  2876 | D:4      | Reached XP level 6. HP: 18/47 MP: 5/5
  2928 | D:4      | Reached skill level 7 in Unarmed Combat
  3054 | D:4      | Found a deep blue altar of Sif Muna.
  3160 | D:4      | Acquired Makhleb's first power
  3388 | D:5      | Entered Level 5 of the Dungeon
  3460 | D:5      | Got a slimy ring mail
  3479 | D:4      | Identified the +3 ring mail of Feasting {MR- Str+8 Dex-2} (You found it on level 5 of the Dungeon)
  3828 | D:5      | Found an iron altar of Okawaru.
  4419 | D:6      | Reached XP level 7. HP: 49/52 MP: 6/6
  4469 | D:6      | Reached skill level 8 in Unarmed Combat
  4644 | D:6      | Acquired Makhleb's second power
  4747 | D:6      | HP: 15/52 [centaur (3)]
  4749 | D:6      | HP: 6/52 [centaur (4)]
  4750 | D:6      | Reached skill level 9 in Unarmed Combat
  5032 | D:7      | Found a blossoming altar of Fedhas.
  5157 | D:7      | Reached XP level 8. HP: 59/59 MP: 7/7
  5163 | D:7      | HP: 5/59 [orc warrior/glaive (20)]
  5165 | D:7      | Mangled by an orc warrior

Vault maps used:
D:1:      minmay_arrival_loop, st_stairs_1, grunt_decor_one_mirror
D:2:      grunt_ministairs_10
D:3:      wad_river_or_something, roderic_ancient_swastika,
          hangedman_decor_growths, hangedman_decor_lopped, grunt_ministairs_6
D:4:      tgw_sif, minmay_temple_entry_grid
D:5:      okawaru_altar_gauntlet_db, first_bread
D:7:      good_gods_temple_1, lemuel_coloured_pillars_altar,
          nicolae_overflow_hidden_temple, fedhas_altar_2
Temple:   corrupted_temple

Action                   |  1- 3 |  4- 6 |  7- 9 || total
-------------------------+-------+-------+-------++-------
Melee: Unarmed           |   115 |   273 |    89 ||   477
  Use: Scroll            |     4 |     7 |     1 ||    12
  Eat: Chunk             |     2 |    32 |    12 ||    46

Table legend:
 A = Turns spent in this place as a percentage of turns spent in the entire game.
 B = Non-inter-level travel turns spent in this place as a percentage of non-inter-level travel turns spent in the entire game.
 C = Inter-level travel turns spent in this place as a percentage of turns spent in this place.
 D = Turns resting spent in this place as a percentage of non-inter-level travel turns spent in this place.
 E = Turns spent auto-exploring this place as a percentage of non-inter-level travel turns spent in this place.
 F = Non-inter-level travel turns spent in this place divided by the number of levels of this place that you've seen.
                   A       B       C       D       E      F
               +-------+-------+-------+-------+-------+----------------------
         Total | 100.0 | 100.0 |   0.4 |   0.0 |   6.9 | 266.2
       Dungeon |  98.3 |  98.3 |   0.4 |   0.0 |   6.8 | 299.1
        Temple |   1.7 |   1.7 |   2.7 |   0.0 |  11.1 |  36.0
               +-------+-------+-------+-------+-------+----------------------

Vault maps used:
D:1:      minmay_arrival_loop, st_stairs_1, grunt_decor_one_mirror
D:2:      grunt_ministairs_10
D:3:      wad_river_or_something, roderic_ancient_swastika,
          hangedman_decor_growths, hangedman_decor_lopped, grunt_ministairs_6
D:4:      tgw_sif, minmay_temple_entry_grid
D:5:      okawaru_altar_gauntlet_db, first_bread
D:7:      good_gods_temple_1, lemuel_coloured_pillars_altar,
          nicolae_overflow_hidden_temple, fedhas_altar_2
Temple:   corrupted_temple
